 Dungeon Crawl Stone Soup version 0.20.1-1-g8b1a95d (webtiles) character file.

82 tidbits the Insei (level 4, -6/34 HPs)
             Began as a Demigod Transmuter on Aug 12, 2017.
             Mangled by an iguana (15 damage)
             ... on level 4 of the Dungeon.
             The game lasted 00:08:22 (1045 turns).

tidbits the Insei (Demigod Transmuter)              Turns: 1045, Time: 00:08:23

Health: -6/34      AC:  2    Str: 12 (13) XL:     4   Next: 1%
Magic:  8/9        EV: 10    Int: 17 (19) God:
Gold:   82         SH: 10    Dex: 16      Spells: 3/6 levels left

rFire    . . .     SeeInvis .     - Unarmed
rCold    . . .     Gourm    .   h - +2 shield
rNeg     . . .     Faith    .   b - +0 robe
rPois    .         Spirit   .   (no helmet)
rElec    .         Reflect  .   (no cloak)
rCorr    .         Harm     .   (no gloves)
MR       .....                  (no boots)
Stlth    +.........             (no amulet)
Regen    0.2/turn               (no ring)
MPRegen  0.2/turn               (no ring)

@: appendage (expiring)
A: horns 2, high mp 1
a: End Transformation


You were on level 4 of the Dungeon.
You were not hungry.
You had grown temporary horns.
You visited 1 branch of the dungeon, and saw 4 of its levels.

You collected 82 gold pieces.

Inventory:

Missiles
 a - 51 arrows
 n - 65 stones (quivered)
Armour
 b - a +0 robe (worn)
 e - a +0 ring mail
 h - a +2 shield (worn)
Scrolls
 f - 2 scrolls of remove curse {unknown}
 i - a scroll of teleportation {unknown}
 k - a scroll of recharging {unknown}
 m - a scroll of identify {unknown}
 p - a scroll of fog {unknown}
Potions
 g - a potion of heal wounds {unknown}
 q - a potion of lignification
Books
 c - a book of Changes

   Spells                             Type                      Level
   a - Beastly Appendage              Transmutation                1
   b - Sticks to Snakes               Transmutation                2
   c - Spider Form                    Transmutation/Poison         3
   d - Ice Form                       Ice/Transmutation            4
   e - Blade Hands                    Transmutation                5
Comestibles
 d - a bread ration
 j - 2 royal jellies
 o - 6 fruits


   Skills:
 - Level 0.8 Fighting
 - Level 1.8 Dodging
 + Level 1.6 Shields
 * Level 4.0 Unarmed Combat
 - Level 1.9 Spellcasting
 - Level 1.7 Transmutations


You had 3 spell levels left.
You knew the following spells:

 Your Spells              Type           Power        Failure   Level  Hunger
e - Beastly Appendage     Tmut           #.....       45%         1    #......
k - Sticks to Snakes      Tmut           #.......     61%         2    ###....


Dungeon Overview and Level Annotations

Branches:
Dungeon (4/15)
 Temple: D:4-7


Innate Abilities, Weirdness & Mutations

You have an increased reservoir of magic. (+10% MP)
You have a pair of horns on your head.


Message History

The hobgoblin is severely wounded.
You block the hobgoblin's attack.
You barely miss the hobgoblin.
The hobgoblin is severely wounded.
You block the hobgoblin's attack.
You hit the hobgoblin.
You kill the hobgoblin!
You see here a hobgoblin corpse.
You now have 64 gold pieces (gained 12).
p - a scroll labeled SOEVVU SERIOWO
There is a shaft here.
You open the door.
There is an open door here.
As you open the door, it creaks loudly!
A worm comes into view.
There is an open door here.
Casting: Sticks to Snakes
Confirm with . or Enter, or press ? or * to list all spells.
You create a snake!
You now have 22 arrows.
Your shield prevents you from hitting the worm.
Your ball python bites the worm but does no damage.
Your ball python grabs the worm.
Your ball python constricts the worm.
You hit the worm.
The worm is moderately wounded.
Your ball python bites the worm.
Your ball python constricts the worm.
The worm bites you but does no damage.
Your ball python bites the worm but does no damage.
Your ball python constricts the worm.
You hit the worm.
The worm is heavily wounded.
Your ball python bites the worm.
Your ball python constricts the worm.
The worm misses you.
You hit the worm.
The worm is severely wounded.
Your ball python bites the worm.
Your ball python constricts the worm.
Your ball python bites the worm.
Your ball python constricts the worm.
You hit the worm but do no damage.
The worm is almost dead.
The worm barely misses you.
Your ball python bites the worm.
Your ball python constricts the worm.
You hit the worm.
You kill the worm!
You have reached level 4!
You see here a hobgoblin corpse.
There is an open door here.
Magic restored.
There is a stone staircase leading down here.
You climb downwards.
Your summoned ally is left behind.
There is a stone staircase leading up here.
Found a potion of lignification.
Found a trident.
Found a royal jelly.
A rat comes into view.
Found 18 gold pieces.
You see here a potion of lignification.
q - a potion of lignification
Found a stone staircase leading down.
You hit the rat.
You kill the rat!
You are feeling hungry.
You now have 82 gold pieces (gained 18).
There is a stone staircase leading down here.
You see here a trident.
Found a robe.
Found 2 fruits.
j - 2 royal jellies (gained 1);
n - 38 stones (gained 17)
o - 6 fruits (gained 2) Eat one of 2 chunks of flesh? (ye/n/q)
You eat one of the 2 chunks of flesh.
This raw flesh tastes terrible.
All of the chunks of flesh in your inventory have rotted away.
You see here a trident.
There is a stone staircase leading down here.
There is a stone staircase leading down here.
You climb downwards.
You hear the hiss of flowing sand.
There is an entrance to an ossuary on this level.
Hurry and find it before the portal is buried!
There is a stone staircase leading up here.
Found 27 stones.
n - 65 stones (gained 27)
Found 29 arrows and a scroll labeled QUUNET JIKUUG.
Found a potion of degeneration.
An iguana comes into view.
You see here 29 arrows.
a - 51 arrows (gained 29)
Casting: Sticks to Snakes
Confirm with . or Enter, or press ? or * to list all spells.
You grow a pair of large bovine horns.
You punch the iguana!
The iguana is heavily wounded.
The iguana bites you!
You hit the iguana.
The iguana is severely wounded.
Your transformation is almost over.
The iguana bites you!
* * * LOW HITPOINT WARNING * * *
You closely miss the iguana.
You headbutt the iguana, but do no damage.
The iguana is severely wounded.
The iguana bites you!
You die...

###################
#<................#
#################.#
###########.##
#............#
#............#
#............#
#............#
#.....@......#
#....l....?..#
#.!..........#
#............#
#............#
#............#
..............#
############+##


You could see an iguana.

Vanquished Creatures
  Terence (D:2)
  An adder (D:2)
  A worm (D:2)
  A dart slug (D:1)
  2 leopard geckos
  2 giant cockroaches (D:1)
  3 goblins (D:1)
  9 hobgoblins
  5 jackals (D:1)
  A quokka (D:2)
  A ball python (D:1)
  4 bats
  2 frilled lizards
  4 kobolds (D:1)
  4 rats
41 creatures vanquished.

Notes
Turn   | Place    | Note
-------+----------+-------------------------------------------
     0 | D:1      | tidbits the Demigod Transmuter began the quest for the Orb.
     0 | D:1      | Reached XP level 1. HP: 15/15 MP: 5/5
    74 | D:1      | Reached skill level 3 in Unarmed Combat
   188 | D:1      | Reached XP level 2. HP: 12/22 MP: 7/7
   200 | D:1      | Learned a level 2 spell: Sticks to Snakes
   322 | D:1      | HP: 2/22 [hobgoblin/club (2)]
   327 | D:1      | HP: 2/22 [jackal (1)]
   330 | D:1      | Reached skill level 1 in Shields
   629 | D:2      | Reached XP level 3. HP: 22/27 MP: 8/8
   769 | D:2      | Noticed Terence
   795 | D:2      | Killed Terence
   904 | D:2      | Reached skill level 4 in Unarmed Combat
   945 | D:2      | Reached XP level 4. HP: 21/34 MP: 7/9
  1045 | D:4      | Mangled by an iguana

Skill      XL: |  1  2  3 |
---------------+----------+-----
Unarmed Combat | 3 4 |  4.0
Shields        | 1 |  1.6
Fighting       | |  0.8
Dodging        | |  1.8
Spellcasting   | |  1.9
Transmutations | |  1.7

Action                   |  1- 3 |  4- 6 || total
-------------------------+-------+-------++-------
Melee: Unarmed           |   152 |     4 ||   156
       Kick              |     5 |       ||     5
       Headbutt          |     6 |     1 ||     7
       Punch             |     2 |       ||     2
 Cast: Beastly Appendage |     9 |     1 ||    10
       Sticks to Snakes  |     2 |       ||     2
  Use: Potion            |     4 |       ||     4
 Stab: Sleeping          |     1 |       ||     1
  Eat: Chunk             |     1 |     1 ||     2
Armor: Robe              |    10 |       ||    10
       Skin              |     1 |       ||     1
Dodge: Dodged            |    51 |       ||    51
Block: Shield            |    58 |       ||    58

Table legend:
 A = Turns spent in this place as a percentage of turns spent in the entire game.
 B = Non-inter-level travel turns spent in this place as a percentage of non-inter-level travel turns spent in the entire game.
 C = Inter-level travel turns spent in this place as a percentage of turns spent in this place.
 D = Turns resting spent in this place as a percentage of non-inter-level travel turns spent in this place.
 E = Turns spent auto-exploring this place as a percentage of non-inter-level travel turns spent in this place.
 F = Non-inter-level travel turns spent in this place divided by the number of levels of this place that you've seen.
                   A       B       C       D       E      F
               +-------+-------+-------+-------+-------+----------------------
         Total | 100.0 | 100.0 |   0.3 |   0.2 |   0.0 | 226.5
       Dungeon | 100.0 | 100.0 |   0.3 |   0.2 |   0.0 | 226.5
               +-------+-------+-------+-------+-------+----------------------

Table legend:
 A = Kills in this place as a percentage of kills in entire the game.
 B = Kills by you in this place as a percentage of kills by you in the entire game.
 C = Kills by friends in this place as a percentage of kills by friends in the entire game.
 D = Other kills in this place as a percentage of other kills in the entire game.
 E = Experience gained in this place as a percentage of experience gained in the entire game.
 F = Experience gained in this place divided by the number of levels of this place that you have seen.
                   A       B       C       D       E      F
               +-------+-------+-------+-------+-------+----------------------
         Total | 100.0 | 100.0 |  -nan |  -nan | 100.0 |  29.5
       Dungeon | 100.0 | 100.0 |  -nan |  -nan | 100.0 |  29.5
               +-------+-------+-------+-------+-------+----------------------

Vault maps used:
D:1:      kennysheep_arrival_seaside, minmay_pentomino_t2
D:2:      first_bread, uniq_terence
D:3:      serial_park_tiny_pond, kennysheep_jessica_study, uniq_jessica,
          uniq_ijyb, uniq_sigmund
D:4:      nicolae_ossuary_entry_giza, uniq_crazy_yiuf_cottage
